Map: Catalisador LE

Players

DakkoN - Winner!

  • Race: Protoss Protoss
  • League: Master
  • Spawn Location: 5:00

I.A. 2 (Muito fácil)

  • Race: Zerg Zerg
  • Spawn Location: 11:00

VOD

Have the link to the VOD?

Description

Time

  • Played on: March 23, 2018, 9:07 a.m.
  • Length: 6:59
Show
View Real Time Build Order
Export as new Build Order

DakkoN Protoss - Winner!

Build Orders: 1 Gate Expand, Zealot Archon 

Get SALT Encoding   

  12  0:00  Probe  
  13  0:12  Probe  
  14  0:20  Pylon  
  14  0:25  Probe  
  15  0:38  Probe (Chrono Boost)  
  16  0:44  Gateway  
  16  0:48  Probe (Chrono Boost)  
  17  0:53  Probe (Chrono Boost)  
  17  0:56  Assimilator  
  18  1:05  Probe (Chrono Boost)  
  19  1:15  Probe (Chrono Boost)  
  20  1:25  Nexus  
  20  1:36  Cybernetics Core  
  20  1:40  Probe  
  21  1:49  Assimilator  
  21  1:53  Pylon  
  21  1:55  Probe  
  22  2:08  Probe  
  23  2:10  Stalker (Chrono Boost)  
  23  2:12  Warp Gate  
  25  2:21  Probe  
  26  2:27  Gateway  
  26  2:30  Shield Battery  
  26  2:35  Probe (Chrono Boost)  
  26  2:36  Adept  
  29  2:40  Probe (Chrono Boost)  
  30  2:49  Probe (Chrono Boost)  
  30  2:50  Probe (Chrono Boost)  
  32  2:54  Probe (Chrono Boost)  
  32  2:57  Probe  
  34  2:59  Twilight Council  
  34  3:07  Probe  
  34  3:10  Sentry  
  34  3:11  Probe  
  38  3:16  Robotics Facility  
  39  3:21  Probe (Chrono Boost)  
  39  3:23  Probe (Chrono Boost)  
  42  3:34  Probe (Chrono Boost)  
  42  3:35  Gateway  
  42  3:36  Charge, Probe (Chrono Boost)  
  42  3:41  Probe (Chrono Boost), Gateway  
  42  3:44  Probe  
  44  3:51  Assimilator  
  44  3:53  Probe, Assimilator  
  45  3:58  Probe  
  45  4:00  Pylon  
  46  4:08  Templar Archives  
  46  4:14  Pylon  
  46  4:18  Probe, Warp Prism  
  46  4:23  Probe  
  50  4:30  Probe  
  51  4:34  Pylon  
  51  4:35  Probe  
  52  4:40  Gateway  
  52  4:41  Gateway  
  52  4:42  Gateway  
  52  4:55  Gateway  
  52  4:56  Gateway  
  52  5:01  Pylon  
  52  5:03  Pylon  
  52  5:05  Pylon  
  52  5:14  High Templar x4  
  54  5:19  Archon x2  
  60  5:37  High Templar  
  60  5:38  High Templar, Zealot  
  60  5:39  Zealot  
  60  5:40  Zealot x3  
  74  5:42  Archon  
  74  5:48  Pylon  
  74  5:51  Pylon  
  74  5:52  Pylon  
  74  5:54  Pylon  
  74  5:56  Pylon  
  74  6:02  High Templar  
  74  6:03  Zealot x3  
  74  6:04  Zealot  
  84  6:05  Zealot  
  84  6:06  High Templar  
  88  6:15  Zealot x2  
  88  6:18  Archon  
  92  6:36  Zealot x7  
  106  6:41  High Templar x2  
  106  6:45  Archon  
  110  6:56  Pylon x2  
Show
View Real Time Build Order
Export as new Build Order

I.A. 2 (Muito fácil) Zerg 

Build Orders: Pool Only 

Get SALT Encoding   

  12  0:01  Drone  
  13  0:12  Overlord  
  13  0:17  Drone  
  14  0:36  Spawning Pool  
  14  0:37  Extractor  
  14  0:41  Drone  
  13  0:48  Drone  
  14  0:53  Overlord  
  14  1:23  Zergling x2  
  14  1:25  Queen  
  17  1:34  Roach Warren  
  17  1:37  Drone  
  17  1:41  Extractor  
  17  1:42  Zergling x2  
  17  1:44  Drone  
  18  1:58  Drone  
  19  2:02  Zergling x2  
  20  2:09  Drone  
  21  2:20  Drone  
  22  2:30  Drone  
  22  2:32  Overlord  
  23  2:37  Drone  
  24  2:44  Drone  
  25  5:54  Drone, Roach  
  25  5:55  Overlord  
  28  6:02  Drone  
  26  6:09  Drone  
  27  6:16  Drone  
  28  6:23  Drone  
  29  6:29  Zergling x2  
  29  6:30  Drone  
  29  6:35  Overlord x2  
  25  6:45  Drone  
Tags
 
Add a new tag
Caveats
  • Supply blocks, unpowered buildings, or Contaminate may cause inaccurate times.
  • Supply counts are checked every 10 seconds.